EL
TULSA DRILLERS @ SAN JOSE GIANTS
08/12/2048
 
TOP OF THE 1ST
Tulsa Drillers batting - Pitching for San Jose Giants : RHP Dan Giles
Pitching: RHP Dan Giles
Batting: RHB Tony Rivera 0-0: Fly out, F7 (Flyball, 7, EV 86.9 MPH)
Batting: SHB Nate Kopchak 0-0: Called Strike
0-1: Called Strike
0-2: SINGLE (Groundball, 6MD, EV 108.1 MPH)
Batting: LHB Kevin Wiebe 0-0: Ball
1-0: Called Strike
1-1: Called Strike
Nate Kopchak steals 2nd base
1-2: Ball
2-2: Ball
3-2: Foul Ball, location: 2F
3-2: Foul Ball, location: 2F
3-2: Foul Ball, location: 2F
3-2: Base on Balls
Batting: SHB Justin Toth 0-0: Called Strike
0-1: Grounds into double play, 4-6-3 (Groundball, 4, EV 81.9 MPH)
Top of the 1st over - 0 runs, 1 hit, 0 errors, 1 left on base; Tulsa 0 - San Jose 0
BOTTOM OF THE 1ST
San Jose Giants batting - Pitching for Tulsa Drillers : RHP Will Lane
Pitching: RHP Will Lane
Batting: SHB Zack Barton 0-0: Ball
1-0: Ball
2-0: Foul Ball, location: 2F
2-1: Foul Ball, location: 2F
2-2: Foul Ball, location: 2F
2-2: DOUBLE (Groundball, 3D, EV 103.8 MPH)
Batting: LHB Mike Roberts 0-0: Called Strike
0-1: Fly out, F7 (Flyball, 78M, EV 87.5 MPH)
Batting: RHB Troy Trice 0-0: Called Strike
Zack Barton steals 3rd, throwing error, E2
Zack Barton scores
0-1: Ball
1-1: Called Strike
1-2: Strikes out swinging
Batting: RHB Billy Pranger 0-0: Called Strike
0-1: Ground out 6-3 (Groundball, 6, EV 102.5 MPH)
Bottom of the 1st over - 1 run, 1 hit, 1 error, 0 left on base; Tulsa 0 - San Jose 1
TOP OF THE 2ND
Tulsa Drillers batting - Pitching for San Jose Giants : RHP Dan Giles
Batting: RHB Jonathan Kirsch 0-0: Ball
1-0: Foul Ball, location: 2F
1-1: Ground out U3 (Groundball, 3L, EV 86.2 MPH)
Batting: RHB Daniel Samano 0-0: Ball
1-0: Ball
2-0: SINGLE (Groundball, 4, EV 95.6 MPH)
Batting: LHB Chris Barrera 0-0: Ball
Daniel Samano steals 2nd, throwing error, E2
Daniel Samano to third
1-0: Ground out U3 (Groundball, 3, EV 108.1 MPH)
Batting: RHB Aaron Burress 0-0: Swinging Strike
0-1: Called Strike
0-2: Ball
1-2: Ball
2-2: Fly out, F7 (Line Drive, 78M, EV 109.4 MPH)
Top of the 2nd over - 0 runs, 1 hit, 1 error, 1 left on base; Tulsa 0 - San Jose 1
BOTTOM OF THE 2ND
San Jose Giants batting - Pitching for Tulsa Drillers : RHP Will Lane
Batting: RHB Frank Pena 0-0: Ground out 5-3 (Groundball, 56, EV 103.1 MPH)
Batting: LHB Gil Caraveo 0-0: Ground out 5-3 (Groundball, 56, EV 100.6 MPH)
Batting: RHB Coen Dirks 0-0: Swinging Strike
0-1: Ball
1-1: Ground out 6-3 (Groundball, 6, EV 87.5 MPH)
Bottom of the 2nd over - 0 runs, 0 hits, 0 errors, 0 left on base; Tulsa 0 - San Jose 1
TOP OF THE 3RD
Tulsa Drillers batting - Pitching for San Jose Giants : RHP Dan Giles
Batting: RHB Kyle Garrett 0-0: Called Strike
0-1: Foul Ball, location: 2F
0-2: Fly out, F9 (Line Drive, 9S, EV 94.4 MPH)
Batting: RHB Tony Rivera 0-0: Ball
1-0: Foul Ball, location: 2F
1-1: Swinging Strike
1-2: Ground out 5-3 (Groundball, 5S, EV 80.0 MPH)
Batting: SHB Nate Kopchak 0-0: Ball
1-0: Ball
2-0: Foul Ball, location: 2F
2-1: Ball
3-1: DOUBLE (Line Drive, 5D, EV 100.0 MPH)
Batting: LHB Kevin Wiebe 0-0: Ball
1-0: Foul Ball, location: 2F
1-1: Foul Ball, location: 2F
1-2: Fly out, F9 (Flyball, 9S, EV 92.5 MPH)
Top of the 3rd over - 0 runs, 1 hit, 0 errors, 1 left on base; Tulsa 0 - San Jose 1
BOTTOM OF THE 3RD
San Jose Giants batting - Pitching for Tulsa Drillers : RHP Will Lane
Batting: RHB Bob Schweiger 0-0: Called Strike
0-1: Called Strike
0-2: Foul Ball, location: 2F
0-2: Ball
1-2: Foul Ball, location: 2F
1-2: Strikes out swinging
Batting: RHB Josh Truell 0-0: Ball
1-0: Foul Ball, location: 2F
1-1: SINGLE (Groundball, 56D, EV 108.8 MPH)
Batting: SHB Zack Barton 0-0: Foul Ball, location: 2F
0-1: Ball
1-1: Foul Ball, location: 2F
1-2: Strikes out swinging
Batting: LHB Mike Roberts 0-0: Fly out, F7 (Flyball, 7D, EV 93.8 MPH)
Bottom of the 3rd over - 0 runs, 1 hit, 0 errors, 1 left on base; Tulsa 0 - San Jose 1
TOP OF THE 4TH
Tulsa Drillers batting - Pitching for San Jose Giants : RHP Dan Giles
Batting: SHB Justin Toth 0-0: Ball
1-0: Swinging Strike
1-1: Ball
2-1: Ground out 4-3 (Groundball, 13, EV 88.1 MPH)
Pitching: RHP Peter Ellis
Batting: RHB Jonathan Kirsch 0-0: Ball
1-0: Ball
2-0: Foul Ball, location: 2F
2-1: Ball
3-1: Called Strike
3-2: SINGLE (Line Drive, 6MD, EV 96.2 MPH)
Batting: RHB Daniel Samano 0-0: Fielders Choice at 2nd, 4-6 (Groundball, 4MD, EV 88.8 MPH)
Batting: LHB Chris Barrera 0-0: Ball
Daniel Samano steals 2nd base
1-0: Ball
2-0: Ball
3-0: Called Strike
3-1: Ground out 4-3 (Groundball, 4, EV 88.8 MPH)
Top of the 4th over - 0 runs, 1 hit, 0 errors, 1 left on base; Tulsa 0 - San Jose 1
BOTTOM OF THE 4TH
San Jose Giants batting - Pitching for Tulsa Drillers : RHP Will Lane
Batting: RHB Troy Trice 0-0: Ball
1-0: Foul Ball, location: 2F
1-1: Ball
2-1: Ball
3-1: Called Strike
3-2: Base on Balls
Batting: RHB Billy Pranger 0-0: Ball
1-0: Swinging Strike
1-1: Ball
2-1: Ball
3-1: Foul Ball, location: 2F
3-2: Foul Ball, location: 2F
3-2: Strikes out swinging
Batting: RHB Frank Pena 0-0: Foul Ball, location: 2F
0-1: Ball
1-1: Called Strike
1-2: Foul Ball, location: 2F
1-2: Strikes out swinging
Batting: LHB Gil Caraveo 0-0: Swinging Strike
0-1: Foul Ball, location: 2F
0-2: Ball
1-2: Strikes out swinging
Bottom of the 4th over - 0 runs, 0 hits, 0 errors, 1 left on base; Tulsa 0 - San Jose 1
TOP OF THE 5TH
Tulsa Drillers batting - Pitching for San Jose Giants : RHP Peter Ellis
Batting: RHB Aaron Burress 0-0: Ball
1-0: Called Strike
1-1: Ball
2-1: Ball
3-1: Base on Balls
Batting: RHB Kyle Garrett 0-0: Swinging Strike
0-1: Fly out, F7 (Flyball, 7, EV 70.6 MPH)
Batting: RHB Tony Rivera 0-0: Called Strike
0-1: Ball
1-1: SINGLE (Groundball, 6MD, EV 96.2 MPH)
Aaron Burress to second
Batting: SHB Nate Kopchak 0-0: Called Strike
0-1: Fielders Choice at 2nd, 6-4 (Groundball, 6, EV 87.5 MPH)
Aaron Burress to third
Pitching: RHP Brian Yinger
Batting: LHB Kevin Wiebe 0-0: Ball
1-0: Foul Ball, location: 2F
1-1: Ball
2-1: Foul Ball, location: 2F
2-2: Foul Ball, location: 2F
2-2: Ball
3-2: Base on Balls
Nate Kopchak to second
Batting: SHB Justin Toth 0-0: Called Strike
0-1: Foul Ball, location: 2F
0-2: Ball
1-2: Ball
2-2: Strikes out looking
Top of the 5th over - 0 runs, 1 hit, 0 errors, 3 left on base; Tulsa 0 - San Jose 1
BOTTOM OF THE 5TH
San Jose Giants batting - Pitching for Tulsa Drillers : RHP Will Lane
Batting: RHB Coen Dirks 0-0: Swinging Strike
0-1: Ball
1-1: Ball
2-1: Swinging Strike
2-2: Ground out 4-3 (Groundball, 4, EV 83.8 MPH)
Batting: RHB Bob Schweiger 0-0: Ball
1-0: Foul Ball, location: 2F
1-1: SINGLE (Groundball, 6MD, EV 105.0 MPH)
Batting: RHB Josh Truell 0-0: Ball
1-0: Ball
2-0: Called Strike
2-1: Ground out 5-3 (Groundball, 25, EV 69.4 MPH)
Bob Schweiger to second
Batting: SHB Zack Barton 0-0: Ball
1-0: Ground out 5-3 (Groundball, 56, EV 100.6 MPH)
Bottom of the 5th over - 0 runs, 1 hit, 0 errors, 1 left on base; Tulsa 0 - San Jose 1
TOP OF THE 6TH
Tulsa Drillers batting - Pitching for San Jose Giants : RHP Brian Yinger
Batting: RHB Jonathan Kirsch 0-0: Foul Ball, location: 2F
0-1: Ball
1-1: Foul Ball, location: 2F
1-2: Foul Ball, location: 2F
1-2: Foul Ball, location: 2F
1-2: Ball
2-2: Ground out 2-3 (Groundball, 2R, EV 66.9 MPH)
Batting: RHB Daniel Samano 0-0: Ball
1-0: Swinging Strike
1-1: Ball
2-1: Ball
3-1: Foul Ball, location: 2F
3-2: Base on Balls
Batting: LHB Chris Barrera 0-0: Called Strike
Daniel Samano steals 2nd base
0-1: Called Strike
0-2: Ball
1-2: Ball
2-2: Foul Ball, location: 2F
2-2: Strikes out swinging
Batting: RHB Aaron Burress 0-0: Called Strike
0-1: Ground out 4-3 (Groundball, 4M, EV 86.2 MPH)
Top of the 6th over - 0 runs, 0 hits, 0 errors, 1 left on base; Tulsa 0 - San Jose 1
BOTTOM OF THE 6TH
San Jose Giants batting - Pitching for Tulsa Drillers : RHP Will Lane
Batting: LHB Mike Roberts 0-0: Called Strike
0-1: Foul Ball, location: 2F
0-2: Ball
1-2: Foul Ball, location: 2F
1-2: SINGLE (Groundball, P, EV 85.6 MPH) (infield hit)
Batting: RHB Troy Trice 0-0: Ball
1-0: SINGLE (Groundball, 13, EV 86.2 MPH) (infield hit)
Mike Roberts to second
Batting: RHB Billy Pranger 0-0: Ball
1-0: Called Strike
1-1: Called Strike
1-2: Foul Ball, location: 2F
1-2: Foul Ball, location: 2F
1-2: Ball
2-2: Strikes out looking
Batting: RHB Frank Pena 0-0: DOUBLE (Flyball, 89XD, EV 106.2 MPH)
Mike Roberts scores
Troy Trice to third
Batting: LHB Gil Caraveo 0-0: Called Strike
0-1: SINGLE (Groundball, 4, EV 110.6 MPH)
Troy Trice scores
Frank Pena to third
Batting: RHB Coen Dirks 0-0: Called Strike
0-1: SINGLE (Groundball, 5L, EV 98.8 MPH)
Frank Pena scores
Gil Caraveo to second
Batting: RHB Bob Schweiger 0-0: Ball
1-0: Called Strike
1-1: SINGLE (Groundball, 3D, EV 97.5 MPH)
Gil Caraveo to third
Coen Dirks to second
Runner from 3rd tries for Home, SAFE, throw by RF to home
Pitching: RHP Carlos Llamas
Batting: RHB Josh Truell 0-0: Called Strike
0-1: Called Strike
0-2: Ball
1-2: Ball
2-2: Foul Ball, location: 2F
2-2: Strikes out looking
Batting: SHB Zack Barton 0-0: Fielders Choice at 2nd, 6-4 (Groundball, 6, EV 88.1 MPH)
Bottom of the 6th over - 4 runs, 6 hits, 0 errors, 2 left on base; Tulsa 0 - San Jose 5
TOP OF THE 7TH
Tulsa Drillers batting - Pitching for San Jose Giants : RHP Brian Yinger
Batting: RHB Kyle Garrett 0-0: Ball
1-0: Foul Ball, location: 2F
1-1: Foul Ball, location: 2F
1-2: Foul Ball, location: 2F
1-2: Ground out 6-3 (Groundball, 6, EV 82.5 MPH)
Pitching: RHP Ricky Fo
Batting: RHB Tony Rivera 0-0: Called Strike
0-1: Ball
1-1: Called Strike
1-2: Foul Ball, location: 2F
1-2: Ground out U3 (Groundball, 34, EV 100.6 MPH)
Batting: SHB Nate Kopchak 0-0: Foul Ball, location: 2F
0-1: Fly out, F8 (Flyball, 8LM, EV 95.6 MPH)
Top of the 7th over - 0 runs, 0 hits, 0 errors, 0 left on base; Tulsa 0 - San Jose 5
BOTTOM OF THE 7TH
San Jose Giants batting - Pitching for Tulsa Drillers : RHP Carlos Llamas
Batting: LHB Mike Roberts 0-0: Ball
1-0: SINGLE (Groundball, 6MD, EV 108.1 MPH)
Batting: RHB Troy Trice 0-0: Ball
1-0: Ball
2-0: Ball
3-0: Base on Balls
Mike Roberts to second
Batting: RHB Billy Pranger 0-0: Foul Ball, location: 2F
0-1: Ball
1-1: Called Strike
1-2: Ball
2-2: Foul Ball, location: 2F
2-2: Ball
3-2: Strikes out swinging
Batting: RHB Frank Pena 0-0: Called Strike
0-1: Foul Ball, location: 2F
0-2: Fly out, F9 (Flyball, 9D, EV 91.2 MPH)
Runner from 2nd tags up, SAFE at 3rd, no throw by RF
Batting: LHB Gil Caraveo 0-0: DOUBLE (Flyball, 7LD, EV 102.5 MPH)
Mike Roberts scores
Troy Trice to third
Runner from 3rd tries for Home, SAFE, throw by LF to home
Batting: RHB Coen Dirks 0-0: Ball
1-0: SINGLE (Line Drive, 8RS, EV 100.0 MPH)
Gil Caraveo to third
Runner from 3rd tries for Home, SAFE, throw by CF to home
Batting: RHB Bob Schweiger 0-0: Foul Ball, location: 2F
0-1: Foul Ball, location: 2F
0-2: Strikes out swinging
Bottom of the 7th over - 3 runs, 3 hits, 0 errors, 1 left on base; Tulsa 0 - San Jose 8
TOP OF THE 8TH
Tulsa Drillers batting - Pitching for San Jose Giants : RHP Ricky Fo
Batting: LHB Kevin Wiebe 0-0: Ball
1-0: Ball
2-0: Ball
3-0: Called Strike
3-1: Base on Balls
Batting: SHB Justin Toth 0-0: Ball
1-0: Grounds into double play, 5-4-3 (Groundball, 5, EV 86.2 MPH)
Batting: RHB Jonathan Kirsch 0-0: Ball
1-0: Called Strike
1-1: Ball
2-1: Ball
3-1: Swinging Strike
3-2: Foul Ball, location: 2F
3-2: Strikes out looking
Top of the 8th over - 0 runs, 0 hits, 0 errors, 0 left on base; Tulsa 0 - San Jose 8
BOTTOM OF THE 8TH
San Jose Giants batting - Pitching for Tulsa Drillers : RHP Carlos Llamas
Batting: RHB Josh Truell 0-0: Swinging Strike
0-1: Ball
1-1: SINGLE (Line Drive, 56D, EV 98.8 MPH)
Pinch Hitting: RHB Mario Mendoza 0-0: Ball
1-0: Fly out, F6 (Popup, 6S, EV 68.8 MPH)
Pitching: RHP Nobuharu Kobayashi
Batting: LHB Mike Roberts 0-0: Foul Ball, location: 2F
0-1: Ball
1-1: Ball
2-1: DOUBLE (Line Drive, 78XD, EV 107.5 MPH)
Josh Truell to third
Runner from 3rd tries for Home, throw by CF and OUT! 8-6-2
Batting: RHB Troy Trice 0-0: Swinging Strike
0-1: Ground out 5-3 (Groundball, 56, EV 88.8 MPH)
Bottom of the 8th over - 0 runs, 2 hits, 0 errors, 1 left on base; Tulsa 0 - San Jose 8
TOP OF THE 9TH
Tulsa Drillers batting - Pitching for San Jose Giants : RHP Ricky Fo
Now in CF: Mario Mendoza
Batting: RHB Daniel Samano 0-0: Ball
1-0: Swinging Strike
1-1: Swinging Strike
1-2: Strikes out swinging
Pitching: LHP Jimmy Heinecke
Batting: LHB Chris Barrera 0-0: Foul Ball, location: 2F
0-1: Fly out, F9 (Flyball, 9, EV 85.6 MPH)
Batting: RHB Aaron Burress 0-0: Ball
1-0: Ball
2-0: Fly out, F7 (Line Drive, 7S, EV 84.4 MPH)
Top of the 9th over - 0 runs, 0 hits, 0 errors, 0 left on base; Tulsa 0 - San Jose 8
Tuesday, March 28th , 2023 - OOTP Baseball 23.10 Build 110